 Dungeon Crawl Stone Soup version 0.28.0 (webtiles) character file.

Game seed: 3667855031340172595

144 jimeh the Changer (level 5, 0/37 HPs)
             Began as a Merfolk Transmuter on Feb 6, 2022.
             Slain by an orc wizard (1 damage)
             ... on level 4 of the Dungeon.
             The game lasted 00:08:09 (2673 turns).

jimeh the Changer (Merfolk Transmuter)              Turns: 2673, Time: 00:08:10

Health: 0/37       AC:  2    Str: 10    XL:     5   Next: 27%
Magic:  7/8        EV: 12    Int: 14    God:
Gold:   101        SH:  0    Dex: 15    Spells: 2/8 levels left

rFire   + . .      SeeInvis .     - Unarmed
rCold   + . .      Faith    .   (no shield)
rNeg    . . .      Spirit   .   a - +0 robe
rPois   +          Reflect  .   (helmet currently unavailable)
rElec   +          Harm     .   (no cloak)
rCorr   +          Rampage  .   (no gloves)
Will    .....                   (boots currently unavailable)
Stlth   +.........              b - amulet of regeneration
HPRegen 0.92/turn               (no ring)
MPRegen 0.11/turn               (no ring)

@: lethally poisoned (0 -> -7), appendages, resistant, wereblooded, flying
A: horns 2, (nimble swimmer 2), mertail, deterioration 2, mutation resistance 1
a: End Transformation


You were on level 4 of the Dungeon.
You had temporarily grown beastly horns.
You visited 1 branch of the dungeon, and saw 4 of its levels.

You collected 101 gold pieces.

Inventory:

Missiles
 g - 2 silver javelins
Armour
 a - a +0 robe (worn)
 o - a scarf of harm
 t - a +1 robe of fire resistance
Jewellery
 b - an amulet of regeneration (around neck)
Scrolls
 c - a scroll of summoning {unknown}
 d - 2 scrolls of immolation {unknown}
 f - a scroll of enchant weapon {unknown}
 h - 3 scrolls of identify {unknown}
 i - a scroll of enchant armour {unknown}
 k - a scroll of brand weapon {unknown}
 m - 2 scrolls of vulnerability {unknown}
 p - a scroll of torment {unknown}
 r - a scroll of magic mapping {unknown}
 s - 3 scrolls of silence {unknown}
Potions
 q - a potion of ambrosia {unknown}


   Skills:
 - Level 1.1 Fighting
 - Level 2.6 Dodging
 - Level 3.2 Unarmed Combat
 - Level 2.0 Spellcasting
 + Level 7.0 Transmutations


You had 2 spell levels left.
You knew the following spells:

 Your Spells              Type           Power      Damage    Failure   Level
a - Beastly Appendage     Tmut           42%        N/A       1%          1
b - Wereblood             Tmut           21%        N/A       1%          2
c - Spider Form           Tmut/Pois      11%        N/A       17%         3

Your spell library contained the following spells:

 Spells                   Type           Power      Damage    Failure   Level
 Shock                    Conj/Air       4%         1d3       24%         1
 Summon Small Mammal      Summ           4%         N/A       24%         1
 Ice Form                 Ice/Tmut       11%        N/A       50%         4
 Call Canine Familiar     Summ           1%         N/A       56%         3
 Summon Guardian Golem    Hex/Summ       1%         N/A       56%         3
 Swiftness                Air            1%         N/A       56%         3
 Airstrike                Air            0%         N/A       93%         4


Dungeon Overview and Level Annotations

Branches:
Dungeon (4/15)
 Temple: D:4-7

Altars:
Gozag
Yredelemnul


Innate Abilities, Weirdness & Mutations

You have temporarily grown beastly horns.
((You are very nimble when in or above water. (Stealth+, EV+, Speed+++)))
Your lower body shifts to a powerful aquatic tail in water.
Your body often deteriorates upon taking damage.
You are somewhat resistant to further mutation.


Message History

You feel sick.
An orc wizard appears from thin air!
Reactivating autopickup.
The orc wizard casts a spell.
The orc wizard flickers and vanishes!
Deactivating autopickup; reactivate with Ctrl-A.
You feel sick.
You hear some strange, mumbled words.
A puff of flame appears from out of thin air!
The puff of flame hits you.
You hit something.
You feel sick. Something hits you.
You miss something.
You feel sick. Something hits you.
* * * LOW HITPOINT WARNING * * *
You are more poisoned.
You feel sick.
You hear some strange, mumbled words.
A puff of flame appears from out of thin air!
The puff of flame hits you.
* * * LOW HITPOINT WARNING * * *
It was a potion of curing.
You feel better.
You barely miss something. Something hits you.
* * * LOW HITPOINT WARNING * * *
You are poisoned.
It was a potion of mutation.
You feel extremely strange.
You feel yourself wasting away.
You feel your body start to fall apart.
You feel genetically stable.
You feel very sick.
You hear some strange, mumbled words.
Something tries to affect you, but you resist.
It was a potion of resistance.
You feel protected.
You feel sick. Something hits you.
* * * LOW HITPOINT WARNING * * *
You are lethally poisoned!
It was a potion of flight.
You feel very buoyant.
You fly up into the air.
* * * LOW HITPOINT WARNING * * *
You feel very sick. Something hits you.
You die...

######################
#....@{oooo...........
#.############.#######
####.# #.## #.. #....#
#..####.. #.##.#
#..{o.... #.<#.#
#..o..... ####.#
#...♣.!.. ..#
#....♣.♣.. .>.
+.....♣.♣♣..


You could see 4 orcs.

Vanquished Creatures
  6 adders
  4 worms
  4 dart slugs
  An orc (D:3)
  11 endoplasms
  3 giant cockroaches
  7 hobgoblins
  3 jackals (D:1)
  5 kobolds
  2 quokkas
  6 ball pythons
  4 bats
  5 frilled lizards
  5 goblins
  A rat (D:1)
67 creatures vanquished.

Notes
Turn   | Place    | Note
-------+----------+-------------------------------------------
     0 | D:1      | jimeh the Merfolk Transmuter began the quest for the Orb.
     0 | D:1      | Reached XP level 1. HP: 15/15 MP: 3/3
   168 | D:1      | Reached skill level 3 in Transmutations
   181 | D:1      | Reached XP level 2. HP: 9/21 MP: 5/5
   185 | D:1      | Learned a level 2 spell: Wereblood
   517 | D:1      | Reached skill level 4 in Transmutations
   761 | D:1      | Reached XP level 3. HP: 26/26 MP: 4/6
  1152 | D:2      | Reached skill level 5 in Transmutations
  1309 | D:2      | Found a faded altar of an unknown god.
  1457 | D:2      | Reached XP level 4. HP: 22/32 MP: 4/7
  1576 | D:2      | Reached skill level 6 in Transmutations
  1729 | D:2      | Learned a level 3 spell: Spider Form
  2187 | D:3      | Reached XP level 5. HP: 37/37 MP: 6/8
  2300 | D:3      | Found a basalt altar of Yredelemnul.
  2300 | D:3      | Found an opulent altar of Gozag.
  2626 | D:4      | Reached skill level 7 in Transmutations
  2671 | D:4      | Gained mutation: Your body sometimes deteriorates upon
                  | taking damage. [potion of mutation]
  2671 | D:4      | Gained mutation: Your body often deteriorates upon taking
                  | damage. [potion of mutation]
  2671 | D:4      | Gained mutation: You are somewhat resistant to further
                  | mutation. [potion of mutation]
  2673 | D:4      | HP: 1/37 [poisoned by an orc wizard]
  2673 | D:4      | Slain by an orc wizard

Illustrated notes

Levels and vault maps discovered:
D:1:      amcnicky_arrival_double_pillar, layout_loops_ring
D:2:      kennysheep_six_static_rooms, layout_basic,
          shapermc_ecumenical_altar_mp_ritualfount
D:3:      layout_basic, gammafunk_temple_overflow_wave
D:4:      layout_basic, minmay_temple_entry_waves, chequers_garden, uniq_sigmund

Skill      XL: |  1  2  3  4  5 |
---------------+----------------+-----
Transmutations | 3 4 5 6 7 |  7.0
Fighting       | |  1.1
Dodging        | |  2.6
Unarmed Combat | |  3.2
Spellcasting   | |  2.0

Action                   |  1- 3 |  4- 6 || total
-------------------------+-------+-------++-------
Melee: Unarmed           |   119 |   128 ||   247
       Headbutt          |    15 |    14 ||    29
       Punch             |     2 |     4 ||     6
 Cast: Beastly Appendage |    19 |    20 ||    39
       Wereblood         |     5 |     4 ||     9
  Use: Potion            |       |     4 ||     4
 Stab: Sleeping          |     1 |       ||     1
Armor: Robe              |    23 |    28 ||    51
Dodge: Dodged            |    82 |    76 ||   158
